 Dungeon Crawl Stone Soup version 0.22.1-6-g1668fe2c40 (webtiles) character file.

84976 Gargoyl the Cleaver (level 15, -7/126 HPs)
             Began as a Centaur Abyssal Knight on Jan 19, 2019.
             Was the Champion of Lugonu.
             Killed from afar by Roxanne (47 damage)
             ... with a crystal spear
             ... on level 15 of the Dungeon.
             The game lasted 00:40:59 (28977 turns).

Gargoyl the Cleaver (Centaur Abyssal Knight)       Turns: 28977, Time: 00:41:00

Health: -7/126     AC: 27    Str: 33    XL:     15   Next: 36%
Magic:  24/24      EV:  8    Int: 11    God:    Lugonu [******]
Gold:   2178       SH: 15    Dex: 15    Spells: 14/14 levels left

rFire    + . .     SeeInvis .   S - +7 war axe of the Blind Eye {chop, *Drain MR+ Str+5}
rCold    . . .     Gourm    .   y - +3 shield
rNeg     + + .     Faith    .   U - +1 plate armour of Haesan {rPois rN+ Str+4}
rPois    +         Spirit   .   Q - -1 hat of Listlessness {rF+ MR+} (curse)
rElec    +         Reflect  .   b - +2 cloak
rCorr    .         Harm     .   E - +2 pair of gloves {Dex+3}
MR       +++..     Clarity  +   B - +0 centaur barding Stlth ..........NoTele +
                                N - amulet "Bokeasass" {Acrobat -Tele +Inv rElec Str+6}
HPRegen  0.31/turn              X - ring of positive energy
MPRegen  0.19/turn              o - +3 ring of protection

@: very quick
A: large, hooves 3, clarity, deformed body, speed 2, tough skin 3, MP-powered
wands
a: Depart the Abyss, Bend Space, Banish, Corrupt, Enter the Abyss, Brand Weapon
With Distortion, Renounce Religion, Evoke Invisibility


You were on level 15 of the Dungeon.
You worshipped Lugonu.
Lugonu was exalted by your worship.
You were not hungry.

You visited 2 branches of the dungeon, and saw 21 of its levels.
You visited the Abyss 1 time.
You also visited: Bailey.

You collected 2178 gold pieces.

Inventory:

Hand Weapons
 a - a +2 hand axe of electrocution
 M - a +0 broad axe of chopping
 S - the +7 war axe of the Blind Eye (weapon) {chop, *Drain MR+ Str+5}
   (You found it on level 10 of the Dungeon)

   It inflicts extra damage upon your enemies.
   It affects your strength (+5).
   It affects your resistance to hostile enchantments.
   It causes draining when unequipped.
 W - a +3 war axe
Missiles
 u - 8 javelins (quivered)
Armour
 b - a +2 cloak (worn)
 y - a +3 shield (worn)
 B - a +0 centaur barding (worn)
 E - a +2 pair of gloves of dexterity (worn)
 Q - the cursed -1 hat of Listlessness (worn) {rF+ MR+}
   (You found it on level 12 of the Dungeon)

   It protects you from fire.
   It affects your resistance to hostile enchantments.
   It has a curse placed upon it.
 U - the +1 plate armour of Haesan (worn) {rPois rN+ Str+4}
   (You found it in a bailey)

   It affects your strength (+4).
   It protects you from poison.
   It protects you from negative energy.
Jewellery
 d - an uncursed amulet of the acrobat
 j - an uncursed ring of resist corrosion
 o - a +3 ring of protection (right hand)
 p - an uncursed ring of protection from cold
 G - an uncursed ring of flight
 N - the amulet "Bokeasass" (around neck) {Acrobat -Tele +Inv rElec Str+6}
   (You found it on level 1 of the Lair of Beasts)

   [amulet of the acrobat]

   It helps you evade while moving and waiting.
   It affects your strength (+6).
   It insulates you from electricity.
   It lets you turn invisible.
   It prevents most forms of teleportation.
 X - a ring of positive energy (left hand)
Wands
 e - a wand of flame (121)
 f - a wand of disintegration (11)
 h - a wand of digging (28)
 l - a wand of polymorph (18)
 A - a wand of enslavement (13)
 C - a wand of paralysis (9)
 F - a wand of clouds (15)
 R - a wand of random effects (55)
Scrolls
 k - 12 scrolls of teleportation
 q - 2 scrolls of fog
 r - 3 scrolls of remove curse
 t - 5 scrolls of blinking
 H - a scroll of fear
 I - 4 scrolls of magic mapping
 K - a scroll of identify
 L - a scroll of amnesia
 O - 2 scrolls of silence
Potions
 g - 2 potions of haste
 i - 9 potions of curing
 m - 8 potions of lignification
 n - a potion of heal wounds
 s - 4 potions of cancellation
 v - 3 potions of flight
 w - a potion of agility
 x - 2 potions of ambrosia
 z - a potion of might
 D - 2 potions of invisibility
 J - a potion of berserk rage
 P - a potion of resistance
 T - 2 potions of brilliance
 V - a potion of degeneration {unknown}
Comestibles
 c - 22 rations


   Skills:
 + Level 9.8 Fighting
 + Level 12.9 Axes
 + Level 1.2 Throwing
 * Level 9.4 Armour
 * Level 9.0 Dodging
 + Level 7.4 Shields
 * Level 12.8 Invocations
 + Level 0.1 Evocations


You had 14 spell levels left.
You didn't know any spells.
Your spell library contained the following spells:

 Spells                   Type           Power        Failure   Level  Hunger
 Confusing Touch          Hex            #.....       97%         1    ##.....
 Blink                    Tloc           N/A          99%         2    ###....
 Shroud of Golubria       Chrm/Tloc      #.........   99%         2    ###....
 Confuse                  Hex            #.......     100%        3    ####...
 Gell's Gravitas          Tloc           #.........   100%        3    ####...
 Ignite Poison            Fire/Tmut/Pois #.......     100%        3    ####...
 Lesser Beckoning         Tloc           #.........   100%        3    ####...
 Teleport Other           Tloc           #.......     100%        3    ####...
 Passage of Golubria      Tloc           N/A          100%        4    #####..
 Petrify                  Tmut/Erth      #.......     100%        4    #####..
 Bolt of Magma            Conj/Fire/Erth #.........   100%        5    ######.
 Fireball                 Conj/Fire      #.........   100%        5    ######.
 Iskenderun's Battlesphe  Conj/Chrm      #.......     100%        5    ######.
 Metabolic Englaciation   Hex/Ice        #.........   100%        5    ######.
 Venom Bolt               Conj/Pois      #.........   100%        5    ######.
 Yara's Violent Unravell  Hex/Tmut       #.........   100%        5    ######.
 Bolt of Fire             Conj/Fire      #.........   100%        6    #######
 Iron Shot                Conj/Erth      #.........   100%        6    #######
 Orb of Destruction       Conj           #.........   100%        7    #######
 Ring of Flames           Chrm/Fire      #.........   100%        7    #######
 Spellforged Servitor     Conj/Summ      #.........   100%        7    #######
 Ignition                 Fire           #.........   100%        8    #######


Dungeon Overview and Level Annotations

Branches:
Dungeon (15/15) Temple (0/1) D:4 Lair (6/6) D:8 Swamp (0/4) Lair:3 Spider (0/4) Lair:3 Slime (0/5) Lair:6 Orc (0/2) D:9 Vaults (0/5) D:13 D:14 Depths: D:15

Altars:
Gozag
Nemelex Xobeh
Okawaru
Sif Muna
The Shining One

Shops:
D:4 (

Portals:
Trove: D:14 (give +7 demon whip)

Annotations:
D:7 4 runed doors
D:11 1 runed door, terminal's ghost, journeyman MiBe
D:12 juzbaz's ghost, journeyman MiBe
D:15 exclusion: Roxanne, Roxanne
Lair:1 exclusion: 3 oklob plants
Abyss:1 Urug


Innate Abilities, Weirdness & Mutations

You have hooves in place of feet.
Armour fits poorly on your strangely shaped body.
You cover ground very quickly.
You have extremely tough skin. (AC +3)
You possess an exceptional clarity of mind.
You expend magic power (3 MP) to strengthen your wands.


Message History

* * * LOW HITPOINT WARNING * * *
Unknown command.
You feel much better.
Roxanne casts a spell.
The iron shot hits you!
* * * LOW HITPOINT WARNING * * *
You hit Roxanne but do no damage. You kick Roxanne, but do no damage.
Roxanne is severely damaged.
You hit Roxanne but do no damage. You kick Roxanne, but do no damage.
Roxanne is severely damaged.
Roxanne casts a spell.
The orb of energy hits you!
* * * LOW HITPOINT WARNING * * *
The orb of energy explodes!
You feel much better.
You hit Roxanne but do no damage. You kick Roxanne, but do no damage.
Roxanne is severely damaged.
Roxanne casts a spell.
The crystal spear hits you!
You die...

..#### #......'...#.. ######
#......##..###
.?...#######################..#..
÷......##..........# ##.##.
.......##..........# #.##.
.......##....!.....## #######.###
.......##...........# #.......#
.......(.)..........# #.#####.#
)......##[†.....@8..# #.....#
.......##))........## #.#.###.#
.......##.............#.......#
.......##...........#+###.###.#
.......##............. #.#
.......##.............. #.###
.......##............... #....
#########............... ####.
###....#. #####'


You could see Roxanne.

Vanquished Creatures
  Rupert (D:12)
  Agnes (D:14)
  Nessos (D:14)
  Azrael (D:14)
  Snorg (D:11)
  Josephine (D:14)
  Fannar (D:12)
  2 centaur warriors
  4 tengu warriors (D:15)
  An ogre mage (D:14)
  2 death knights
  10 two-headed ogres
  A merfolk avatar (Lair:6)
  Nergalle (D:11)
  3 skeletal warriors (D:15)
  3 unseen horrors
  A sea snake (Lair:6)
  A phantasmal warrior (D:12)
  2 orc knights
  2 wolf spider zombies (D:14)
  An oklob plant (Lair:2)
  2 deep elf magi
  3 cyclopes
  2 elephants
  8 ugly things (D:15)
  A centaur zombie (D:13)
  3 black mambas (Lair:4)
  14 spiny frogs
  4 gargoyles
  9 komodo dragons
  An efreet (D:14)
  8 rime drakes
  4 freezing wraiths
  2 tengu conjurers (D:15)
  A troll (D:11)
  5 polar bears
  4 hornets
  A queen bee (D:11)
  A wind drake (Lair:6)
  3 bog bodies (Lair:3)
  16 blink frogs
  10 hippogriffs
  5 slime creatures (D:12)
  A centaur simulacrum (D:15)
  2 fire elementals (D:14)
  3 vampires
  10 wyverns
  16 humans
  9 wraiths
  34 yaks
  2 basilisks
  5 hungry ghosts
  3 vampire mosquitoes
  A swamp worm (Lair:3)
  6 wargs (D:8)
  18 water moccasins
  3 acid dragons
  Duvessa (D:6)
  2 hell hounds (D:14)
  13 porcupines
  5 sky beasts
  12 orc warriors
  3 ice beasts
  10 wolves
  A necrophage (D:6)
  5 ogres
  An eye of draining (D:14)
  2 phantoms
  14 crocodiles
  13 centaurs
  10 gnoll sergeants
  10 bullfrogs
  A wyvern zombie (D:14)
  5 scorpions
  Dowan (D:6)
  20 killer bees
  6 wights
  3 electric eels
  6 howler monkeys
  6 crimson imps
  A bullfrog zombie (D:10)
  A jelly (D:7)
  A quasit (D:10)
  10 hounds
  4 centaur skeletons
  7 gnoll shamans
  7 orc priests
  16 orc wizards
  2 bullfrog skeletons
  Jessica (D:2)
  3 iguanas
  9 worker ants
  2 hound skeletons
  A worker ant zombie (D:9)
  13 adders
  28 gnolls
  2 shadow imps
  2 oozes
  An adder zombie (D:5)
  An adder skeleton (D:5)
  6 worms
  2 dart slugs
  6 leopard geckos
  60 orcs
  3 ball pythons
  4 bats
  9 giant cockroaches
  9 goblins
  10 hobgoblins
  14 jackals
  4 quokkas
  5 frilled lizards
  A kobold (D:3)
  A quokka skeleton (D:7)
  4 rats
  3 fungi
  12 plants
676 creatures vanquished.

Vanquished Creatures (collateral kills)
  An ice beast (D:10)
1 creature vanquished.

Vanquished Creatures (others)
  8 hydras
  7 fungi
  7 plants (Lair:6)
22 creatures vanquished.

Grand Total: 699 creatures vanquished

Notes
Turn   | Place    | Note
-------+----------+-------------------------------------------
     0 | Abyss:1  | Gargoyl the Centaur Abyssal Knight began the quest for the
                  | Orb.
     0 | Abyss:1  | Reached XP level 1. HP: 19/19 MP: 2/2
    82 | Abyss:2  | Noticed a ynoxinul
    83 | D:1      | Escaped the Abyss
    90 | D:1      | Noticed a rime drake
    90 | D:1      | Noticed a swamp worm
    90 | D:1      | Noticed a hog
    91 | D:1      | Noticed a salamander
    91 | D:1      | Noticed a polar bear
   167 | D:1      | Reached * piety under Lugonu
   353 | D:1      | Reached XP level 2. HP: 20/26 MP: 3/3
   716 | D:1      | Reached skill level 1 in Dodging
  1281 | D:2      | Reached XP level 3. HP: 29/31 MP: 4/4
  1423 | D:2      | Reached XP level 4. HP: 37/40 MP: 5/5
  1653 | D:2      | Noticed Jessica
  1659 | D:2      | Reached ** piety under Lugonu
  1663 | D:2      | Killed Jessica
  1891 | D:3      | Reached XP level 5. HP: 46/46 MP: 7/7
  2461 | D:3      | Found a sparkling altar of Nemelex Xobeh.
  2728 | D:4      | Found an iron altar of Okawaru.
  2728 | D:4      | Found a glowing golden altar of the Shining One.
  2728 | D:4      | Found a deep blue altar of Sif Muna.
  2728 | D:4      | Found an opulent altar of Gozag.
  2813 | D:4      | Noticed an ogre
  2818 | D:4      | Killed an ogre
  2818 | D:4      | Reached XP level 6. HP: 52/52 MP: 8/8
  3162 | D:4      | Found Umoetewn's Weapon Shop.
  3224 | D:4      | Found a staircase to the Ecumenical Temple.
  3628 | D:4      | Reached XP level 7. HP: 54/60 MP: 9/9
  3990 | D:5      | Entered Level 5 of the Dungeon
  4030 | D:5      | Reached *** piety under Lugonu
  4887 | D:6      | Noticed Duvessa
  4888 | D:6      | Noticed Dowan
  4897 | D:6      | Killed Dowan
  4901 | D:6      | Killed Duvessa
  4901 | D:6      | Reached skill level 5 in Axes
  4901 | D:6      | Reached XP level 8. HP: 54/66 MP: 11/11
  5338 | D:6      | Got a crude leather armour
  5349 | D:6      | Identified the +2 leather armour "Ufutant" {*Corrode +Inv
                  | rF++ Dex+4} (You found it on level 6 of the Dungeon)
  5451 | D:6      | Reached **** piety under Lugonu
  6090 | D:7      | Reached skill level 5 in Fighting
  6090 | D:7      | Reached skill level 5 in Invocations
  6545 | D:7      | Reached XP level 9. HP: 64/73 MP: 12/12
  6826 | D:7      | Found a huge runed gate.
  6826 | D:7      | Found a huge runed gate.
  6826 | D:7      | Found a huge runed gate.
  6826 | D:7      | Found a huge runed gate.
  6826 | D:7      | Noticed a polar bear
  6826 | D:7      | Noticed a polar bear
  6826 | D:7      | Noticed a polar bear
  6826 | D:7      | Noticed a polar bear
  6826 | D:7      | Noticed a polar bear
  6826 | D:7      | Noticed a polar bear
  6826 | D:7      | Noticed a manticore
  6827 | D:7      | Noticed a polar bear
  6827 | D:7      | Noticed a polar bear
  6834 | D:7      | Reached skill level 5 in Armour
  7314 | D:8      | Reached skill level 1 in Shields
  7478 | D:8      | Noticed a two-headed ogre
  7485 | D:8      | Killed a two-headed ogre
  7702 | D:8      | Found a staircase to the Lair.
  7733 | D:8      | Noticed a two-headed ogre
  7742 | D:8      | Killed a two-headed ogre
  7742 | D:8      | Reached XP level 10. HP: 65/82 MP: 14/14
  9374 | D:8      | Reached ***** piety under Lugonu
  9484 | D:9      | Found a staircase to the Orcish Mines.
 10747 | Lair:1   | Entered Level 1 of the Lair of Beasts
 10780 | Lair:1   | Reached XP level 11. HP: 74/91 MP: 16/16
 10932 | Lair:1   | Reached skill level 5 in Dodging
 11450 | Lair:1   | Got a warped ruby amulet
 11451 | Lair:1   | Identified the amulet "Bokeasass" {Acrobat -Tele +Inv rElec
                  | Str+6} (You found it on level 1 of the Lair of Beasts)
 11626 | Lair:1   | Noticed an oklob plant
 11627 | Lair:1   | Noticed an oklob plant
 11628 | Lair:1   | Noticed an oklob plant
 12380 | Lair:2   | Noticed an oklob plant
 12393 | Lair:2   | Killed an oklob plant
 12551 | Lair:2   | Got a bound jade ring
 12768 | Lair:3   | Found a hole to the Spider Nest.
 12871 | Lair:3   | Noticed a seven-headed hydra
 12876 | Lair:3   | Banished a seven-headed hydra
 13091 | Lair:3   | Noticed Urug
 13166 | Lair:2   | Noticed a four-headed hydra
 13167 | Lair:2   | Banished a four-headed hydra
 13207 | Lair:3   | Banished Urug
 13434 | Lair:3   | Got a bound garnet amulet
 13501 | Lair:3   | Reached skill level 10 in Axes
 13773 | Lair:3   | Reached XP level 12. HP: 86/100 MP: 18/18
 13785 | Lair:3   | Found a staircase to the Swamp.
 14900 | Lair:4   | Identified the amulet "Jupa" {Faith rF+ Str+4} (You found
                  | it on level 3 of the Lair of Beasts)
 14902 | Lair:4   | Identified the ring of Finality {+Fly rElec rPois Slay-3}
                  | (You found it on level 2 of the Lair of Beasts)
 17104 | Lair:5   | Reached ****** piety under Lugonu
 17636 | Lair:6   | Entered Level 6 of the Lair of Beasts
 17636 | Lair:6   | Noticed a four-headed hydra
 17640 | Lair:5   | Banished a four-headed hydra
 17640 | Lair:5   | Reached skill level 10 in Invocations
 18016 | Lair:6   | Reached XP level 13. HP: 29/107 MP: 20/20
 18497 | Lair:5   | Reached skill level 5 in Shields
 19008 | Lair:6   | Paralysed by a hornet for 1 turns
 19344 | Lair:6   | Found a staircase to the Slime Pits.
 19781 | Lair:6   | Gained mutation: You possess an exceptional clarity of
                  | mind. [potion of mutation]
 19781 | Lair:6   | Gained mutation: You expend magic power (3 MP) to
                  | strengthen your wands. [potion of mutation]
 20656 | D:10     | Entered Level 10 of the Dungeon
 20803 | D:10     | Got a warped war axe
 20804 | D:10     | Identified the +7 war axe of the Blind Eye {chop, *Drain
                  | MR+ Str+5} (You found it on level 10 of the Dungeon)
 21405 | D:11     | Noticed Snorg
 21588 | D:11     | Killed Snorg
 21966 | D:11     | Reached skill level 1 in Throwing
 22275 | D:11     | Found a runed door.
 22291 | D:11     | Noticed terminal's ghost (journeyman MiBe)
 22708 | D:11     | Noticed Nergalle
 22719 | D:11     | Killed Nergalle
 23184 | D:12     | Reached XP level 14. HP: 28/116 MP: 22/22
 23494 | D:12     | Got a warped hat
 23505 | D:12     | Identified the cursed -1 hat of Listlessness {rF+ MR+} (You
                  | found it on level 12 of the Dungeon)
 23975 | D:12     | Noticed Rupert
 23995 | D:12     | Killed Rupert
 24088 | D:12     | Noticed Fannar
 24105 | D:12     | Killed Fannar
 24448 | D:12     | Found a runed gate.
 24448 | D:12     | Found a runed gate.
 24448 | D:12     | Found a runed gate.
 24448 | D:12     | Found an iron altar of Okawaru.
 24448 | D:12     | Noticed juzbaz's ghost (journeyman MiBe)
 24686 | D:13     | Found a flagged portal.
 24699 | Bailey   | Entered a bailey
 24943 | Bailey   | Got an amber-encrusted plate armour
 25037 | Bailey   | Identified the +1 plate armour of Haesan {rPois rN+ Str+4}
                  | (You found it in a bailey)
 25675 | D:14     | Found a gate to the Vaults.
 25675 | D:14     | Noticed Nessos
 26259 | D:14     | Killed Nessos
 26785 | D:14     | Noticed Josephine
 26804 | D:14     | Killed Josephine
 26873 | D:14     | Noticed Azrael
 26888 | D:14     | Killed Azrael
 27065 | D:14     | Noticed Agnes
 27075 | D:14     | Killed Agnes
 27392 | D:14     | Reached XP level 15. HP: 114/125 MP: 24/24
 27685 | D:14     | Found a portal to a secret trove of treasure.
 27826 | D:15     | Entered Level 15 of the Dungeon
 28913 | D:15     | Noticed Roxanne
 28977 | D:15     | Killed from afar by Roxanne

Skill      XL: |  1  2  3  4  5  6  7  8  9 10 11 12 13 14 15 |
---------------+----------------------------------------------+-----
Dodging        | 1 2 3 4 5 7 8 9 |  9.0
Axes           | 2 3 4 5 6 7 8 10 11 12 | 12.9
Armour         | 2 3 4 5 6 7 8 9 |  9.4
Invocations    | 3 4 5 6 7 9 10 11 12 | 12.8
Fighting       | 4 5 6 7 8 9 |  9.8
Shields        | 2 3 4 6 7 |  7.4
Throwing       | 1 |  1.2
Evocations     | |  0.1

Action                   |  1- 3 |  4- 6 |  7- 9 | 10-12 | 13-15 || total
-------------------------+-------+-------+-------+-------+-------++-------
Melee: Hand axe          |    68 |   136 |   254 |   650 |   224 ||  1332
       Kick              |     7 |    20 |    52 |   280 |   425 ||   784
       War axe           |       |       |       |       |   654 ||   654
Throw: Javelin           |       |       |     4 |     1 |     5 ||    10
Invok: Depart the Abyss  |     1 |       |       |       |       ||     1
       Bend Space        |       |       |       |     1 |       ||     1
       Banish            |       |       |       |     5 |     9 ||    14
Evoke: Wand              |       |     3 |       |       |       ||     3
  Use: Scroll            |     6 |     5 |    13 |    12 |    14 ||    50
       Potion            |     1 |       |       |     3 |     5 ||     9
 Stab: Distracted        |       |       |       |       |     2 ||     2
  Eat: Chunk             |       |     6 |     8 |    14 |    23 ||    51
       Ration            |       |       |     1 |     6 |     4 ||    11
Armor: Leather armour    |    19 |       |    54 |   192 |   145 ||   410
       Scale mail        |    11 |    61 |    51 |       |       ||   123
       Plate armour      |       |       |       |       |   183 ||   183
       Skin              |       |       |       |       |     1 ||     1
Dodge: Dodged            |    43 |    70 |    94 |   251 |   427 ||   885
Block: Shield            |       |       |    54 |   307 |   721 ||  1082
